 Dungeon Crawl Stone Soup version 0.30.1-11-g7821555f0a (webtiles) character file.

Game seed: 17934313559926283943

15 hawla the Firebug (level 2, 0/20 HPs)
             Began as a Meteoran Fire Elementalist on Jan 13, 2024.
             Slain by an ufetubus (3 damage)
             ... on level 4 of the Dungeon.
             The game lasted 00:01:52 (217 turns).

hawla the Firebug (Meteoran Fire Elementalist)       Turns: 217, Time: 00:01:52

Health: 0/20       AC:  2    Str:  9    XL:     2   Next: 88%
Magic:  6/6        EV: 12    Int: 16    God:
Gold:   63         SH:  0    Dex: 14    Spells: 5/6 levels left

rFire   + . .        i - +0 long sword
rCold   + . .        (no shield)
rNeg    . . .        a - +0 robe
rPois   +            (no helmet)
rElec   +            (no cloak)
rCorr   +            (no gloves)
SInv    .            (no boots)
Will    .....        (no amulet)
Stlth   +            (no ring)
HPRegen 0.23/turn    (no ring)
MPRegen 0.10/turn

%: no passive effects
@: resistant, glowing
A: sense surroundings 1, otherworldly, glowing, explore regen
a: no special abilities


You were on level 4 of the Dungeon.
You visited 1 branch of the dungeon, and saw 4 of its levels.

You collected 63 gold pieces.

Inventory:

Hand Weapons
 i - a +0 long sword (weapon)
Armour
 a - a +0 robe (worn)
Scrolls
 c - a scroll of blinking {unknown}
 d - a scroll of vulnerability {unknown}
 f - a scroll of fog {unknown}
 g - a scroll of identify {unknown}
Potions
 b - a potion of magic
 h - a potion of curing {unknown}


   Skills:
 + Level 2.8 Dodging
 - Level 1.4 Stealth
 + Level 2.9 Spellcasting
 + Level 1.4 Conjurations
 + Level 4.1 Fire Magic


You had 5 spell levels left.
You knew the following spells:

 Your Spells              Type           Power      Damage    Failure   Level
a - Foxfire               Conj/Fire      44%        2x1d6     6%          1

Your spell library contained the following spells:

 Spells                   Type           Power      Damage    Failure   Level
 Scorch                   Fire           30%        2d6       5%          2
 Inner Flame              Hex/Fire       9%         N/A       24%         3
 Volatile Blastmotes      Fire/Tloc      18%        2d11      24%         3
 Flame Wave               Conj/Fire      11%        2d6       52%         4


Dungeon Overview and Level Annotations

Branches:
Dungeon (4/15) Zot: 2180
 Temple: D:4-7

Altars:
Trog


Innate Abilities, Weirdness & Mutations

You passively map a small area around you.
You are easily found by Zot.
You glow in the dark.
You regain HP and MP as you explore.


Message History

You now have 63 gold pieces (gained 17).
There is a stone staircase leading up here.
A goblin comes into view. It is wielding a +0 dagger.
The goblin shouts!
You hear an angry growl.
You hear a shout!
A hobgoblin comes into view.
The goblin moves out of view.
A hobgoblin is nearby!
There is a stone staircase leading up here.
You see here a +0 long sword.
i - a +0 long sword (weapon)
Setting a skill training target for Long Blades at 14.0.
You slash the goblin!
You kill the goblin!
Things that are here:
a +0 dagger; a goblin corpse An ufetubus comes into view.
The hobgoblin hits you.
You closely miss the hobgoblin. The hobgoblin closely misses you.
The hobgoblin hits you.
You slash the hobgoblin!
You kill the hobgoblin!
The ufetubus barely misses you. The ufetubus hits you. x3
You closely miss the ufetubus. The ufetubus closely misses you.
The ufetubus hits you. The ufetubus barely misses you.
The ufetubus closely misses you.
You closely miss the ufetubus. The ufetubus misses you.
The ufetubus hits you. x2
The ufetubus closely misses you.
You hit the ufetubus.
The ufetubus is heavily wounded.
The ufetubus hits you.
* * * LOW HITPOINT WARNING * * *
The ufetubus hits you.
* * * LOW HITPOINT WARNING * * *
The ufetubus barely misses you.
The ufetubus hits you but does no damage.
Char dumped successfully.
It was a potion of resistance.
You feel protected. The ufetubus hits you.
You die...

, ,, , , ..#
.. * ,**#.#
... , , .###
,##.###..
....,,, .....
.... #..# , ,
#.. #..# ,
###... #..#* ,
* ......###
#..# , *
,#?5@###..# ,
##.####..<...#
*
.........).#.#
,
##.#######.#.#
* * * ,*
#.#.., * * ,*
#.###. #.##*.#
#..# # *
##....# *


You could see an ufetubus.

Vanquished Creatures
  An adder (D:3)
  A goblin (D:4)
  A hobgoblin (D:4)
  A kobold (D:3)
  A quokka (D:1)
5 creatures vanquished.

Vanquished Creatures (others)
  9 foxfires
9 creatures vanquished.

Grand Total: 14 creatures vanquished

Notes
Turn   | Place    | Note
-------+----------+-------------------------------------------
     0 | D:1      | hawla the Meteoran Fire Elementalist began the quest for
                  | the Orb.
     0 | D:1      | Reached XP level 1. HP: 14/14 MP: 5/5
   150 | D:2      | Found a bloodstained altar of Trog.
   176 | D:3      | Reached skill level 4 in Fire Magic
   176 | D:3      | Reached XP level 2. HP: 13/20 MP: 2/6
   179 | D:3      | You fall into a shaft and drop 1 floor!
   217 | D:4      | Slain by an ufetubus

Illustrated notes

Levels and vault maps discovered:
D:1:      minmay_arrival_shattered_statue, layout_basic
D:2:      layout_basic, serial_shops, shop, serial_curves, eino_curves_04,
          eino_curves_04, basic_altar, minmay_tromino_v4_b
D:3:      layout_rooms, basic_ecumenical_altar, serial_shops,
          nicolae_shop_tiny_glass, uniq_crazy_yiuf_cottage, uniq_grinder,
          uniq_robin
D:4:      layout_rooms, minmay_temple_entry_hall, serial_shops,
          nicolae_square_shop, shop, kennysheep_little_box, st_stairs_2,
          uniq_duvessa, uniq_pikel

Skill      XL: |  1 |
---------------+----+-----
Fire Magic     | 4 |  4.1
Dodging        | |  2.8
Stealth        | |  1.4
Spellcasting   | |  2.9
Conjurations   | |  1.4

Action                     || total
---------------------------++-------
  Melee: Unarmed           ||    10
         Long sword        ||     6
   Cast: Foxfire           ||     5
    Use: Potion            ||     1
 Armour: Robe              ||     4
  Dodge: Dodged            ||    17
